 Dungeon Crawl Stone Soup version 0.32-a0-886-g41c5271027 (webtiles) character file.

Game seed: 7699041610194564822

1379 Elsrick the Grappler (level 8, 0/60 HPs)
             Began as a Ghoul Monk on Apr 2, 2024.
             Was a Believer of Hepliaklqana.
             Slain by an ogre
             ... wielding a +0 giant club
              (4 damage)
             ... on level 5 of the Dungeon.
             The game lasted 00:12:05 (4467 turns).

Elsrick the Grappler (Ghoul Monk)                   Turns: 4467, Time: 00:12:05

Health: 0/60       AC: 11    Str: 15    XL:     8   Next: 66%
Magic:  8/8        EV: 10    Int:  9    God:    Hepliaklqana [**....]
Gold:   201        SH:  0    Dex: 13    Spells: 7/7 levels left

rFire   + .          .
                       - Unarmed
rCold   + . .        c - orb {light}
rNeg    + + +        o - +2 scale mail {rF+}
rPois   ∞            f - +0 helmet
rElec   .            e - +0 cloak
rCorr   .            (no gloves)
SInv    .            (no boots)
Will    .....        (no amulet) Stlth
                     (no ring)
HPRegen 0.00/turn    (no ring)
MPRegen 0.11/turn

%: no passive effects
@: inhibited regen, hasted, glowing, very quick
A: reduced essence, claws 1, cold resistance 1, negative energy resistance 3,
inhibited regeneration, torment resistance 2, devour on kill
a: Renounce Religion, Ancestor Life: Knight, Ancestor Life: Battlemage, Ancestor
Life: Hexer, Recall Ancestor, Ancestor Identity


You were on level 5 of the Dungeon.
You worshipped Hepliaklqana.
Hepliaklqana was pleased with you.
You visited 2 branches of the dungeon, and saw 6 of its levels.

You collected 201 gold pieces.

Inventory:

Armour
 a - a +0 robe
 c - an orb of light (worn)
 e - a +0 cloak (worn)
 f - a +0 helmet (worn)
 o - a +2 scale mail of fire resistance (worn)
Jewellery
 j - a ring of ice
Wands
 n - a wand of charming (11)
 v - a wand of mindburst (13) (quivered)
Scrolls
 d - 2 scrolls of vulnerability
 i - 3 scrolls of noise
 k - 2 scrolls of teleportation
 m - a scroll of immolation {unknown}
 q - a scroll of fog {unknown}
 r - a scroll of brand weapon {unknown}
 s - 2 scrolls of fear
 t - 2 scrolls of enchant armour {unknown}
 u - a scroll of poison {unknown}
 x - a scroll of amnesia {unknown}
Potions
 b - a potion of ambrosia
 g - 2 potions of might
 h - a potion of haste
 l - 4 potions of curing
 p - a potion of berserk rage {unknown}
 w - 2 potions of degeneration {unknown}


   Skills:
 + Level 4.6 Fighting
 + Level 3.4 Armour
 + Level 4.8 Dodging
 + Level 1.1 Stealth
 + Level 9.1 Unarmed Combat
 + Level 0.3 Evocations


You had 7 spell levels left.
You didn't know any spells.
Your spell library contained the following spells:

 Spells                   Type           Power      Damage    Failure   Level
 Blink                    Tloc           0%         N/A       92%         2
 Lesser Beckoning         Tloc           0%         N/A       92%         2
 Momentum Strike          Conj/Tloc      0%         3d8       92%         2
 Sculpt Simulacrum        Ice/Alch       0%         N/A       100%        6
 Ozocubu's Refrigeration  Ice            0%         4d7       100%        7
 Polar Vortex             Ice            0%         N/A       100%        9


Dungeon Overview and Level Annotations

Branches:
Dungeon (5/15)             Temple (1/1) D:4

Altars:
Ashenzari
Cheibriados
Fedhas
Gozag
Hepliaklqana
Kikubaaqudgha
Makhleb
Okawaru
Qazlal
Sif Muna
Trog
Uskayaw
Vehumet
Wu Jian
Xom
Yredelemnul

Shops:
D:1 (   D:4 =


Innate Abilities, Weirdness & Mutations

Your life essence is reduced to manifest your ancestor. (-10% HP)
You are immune to poison.
You have sharp fingernails.
Your flesh is cold resistant. (rC+)
You are immune to negative energy. (rN+++)
You do not regenerate when monsters are visible.
You are immune to unholy pain and torment.
You thrive by killing the living.


Message History

The scorpion is heavily wounded.
The scorpion stings you but does no damage.
Qery closely misses the scorpion.
You barely miss the scorpion.
The scorpion is heavily wounded.
The scorpion completely misses you.
The howler monkey hits Qery.
The ogre hits you but does no damage.
You claw the scorpion!
You kill the scorpion!
Qery hits the howler monkey.
The orc throws a boomerang.
The boomerang barely misses Qery.
The boomerang barely misses you.
An orc comes into view. It is wielding a +0 flail.
The orc hits Qery with a +0 mace.
You scratch the ogre.
The ogre is lightly wounded.
Qery hits the orc.
The ogre hits you with a +0 giant club!
The howler monkey hoots and howls with incredible vigour!
You hear a shout!
You claw the ogre!
The ogre is severely wounded.
The orc hits Qery with a +0 mace.
Qery hits the orc but does no damage.
The orc throws a boomerang.
The boomerang closely misses Qery.
The boomerang closely misses you.
The howler monkey hoots and howls with incredible vigour!
You scratch the ogre.
The ogre is severely wounded.
The ogre hits you with a +0 giant club!!
Ouch! That really hurt!
* * * LOW HITPOINT WARNING * * *
The orc hits Qery with a +0 mace.
The orc throws a boomerang.
The boomerang hits Qery but does no damage.
Qery hits the orc.
The orc dies!
The howler monkey hits you but does no damage.
You feel yourself speed up.
The orc hits Qery but does no damage.
The howler monkey closely misses you.
The orc throws a boomerang.
The boomerang hits Qery but does no damage.
Qery barely misses the howler monkey.
The ogre hits you with a +0 giant club.
You die...
Hepliaklqana delivers you to your ancestors.

#.## ## #..# ####
######.##
...###..###..##...##
...##..........†...##
...#.......#....#...#
.........####...#..###
.....................#
#..............#....##
###..###...#####@####
##.....#..##..#OhR###
.#.......###....o)o.#
......... #.$..#.....>..
.......#......###o......
....... ..... .......
....... .... .......
#...... .... .....!.
...... ... .......


You could see the friendly Qery the ancestor, an ogre (ally target), a howler
monkey (catching breath) and 3 orcs.

Vanquished Creatures
  Grinder (D:4)
  Menkaure (D:4)
  An ice beast (D:5)
  2 phantoms
  A scorpion (D:5)
  A jelly (D:5)
  A bombardier beetle (D:5)
  An orc priest (D:3)
  Jessica (D:3)
  2 orc wizards
  Terence (D:3)
  An iguana (D:4)
  Natasha (twice) (D:4)
  6 adders
  3 gnolls (D:3)
  2 dart slugs
  2 ribbon worms (D:2)
  11 orcs
  5 endoplasms
  A giant cockroach (D:2)
  6 goblins
  5 hobgoblins
  2 jackals (D:3)
  5 kobolds
  2 quokkas
  8 ball pythons
  3 bats
  A frilled lizard (D:1)
  4 rats
82 creatures vanquished.

Vanquished Creatures (collateral kills)
  Prince Ribbit (D:5)
  Blork the orc (D:4)
  A hound (D:4)
  An orc wizard (D:5)
  Natasha (D:4)
  A white imp (D:5)
  An orc (D:5)
  A goblin (D:4)
8 creatures vanquished.

Vanquished Creatures (others)
  An ancestor (D:5)
1 creature vanquished.

Grand Total: 91 creatures vanquished

Notes
Turn   | Place    | Note
-------+----------+-------------------------------------------
     0 | D:1      | Elsrick the Ghoul Monk began the quest for the Orb.
     0 | D:1      | Reached XP level 1. HP: 19/19 MP: 1/1
   161 | D:1      | Reached XP level 2. HP: 20/26 MP: 2/2
   378 | D:1      | Found Ket Kin's Weapon Shop.
   787 | D:2      | Reached XP level 3. HP: 33/33 MP: 3/3
  1006 | D:2      | Reached skill level 4 in Unarmed Combat
  1868 | D:3      | Reached XP level 4. HP: 36/40 MP: 4/4
  1965 | D:3      | Reached XP level 5. HP: 16/46 MP: 5/5
  2198 | D:3      | Noticed Jessica
  2200 | D:3      | Killed Jessica
  2201 | D:3      | Reached skill level 5 in Unarmed Combat
  2348 | D:3      | Noticed Terence
  2365 | D:3      | Killed Terence
  2368 | D:3      | Reached XP level 6. HP: 38/52 MP: 6/6
  2727 | D:4      | Noticed Grinder
  2727 | D:4      | Found Isecunec's Jewellery Boutique.
  2748 | D:3      | Reached skill level 6 in Unarmed Combat
  2774 | D:4      | Paralysed by Grinder for 4 turns
  2782 | D:4      | Paralysed by Grinder for 4 turns
  2789 | D:4      | Killed Grinder
  2790 | D:4      | Reached skill level 7 in Unarmed Combat
  2790 | D:4      | Reached XP level 7. HP: 35/60 MP: 7/7
  3022 | D:4      | Noticed Menkaure
  3033 | D:4      | Killed Menkaure
  3034 | D:4      | Reached skill level 1 in Armour
  3181 | D:4      | Found a staircase to the Ecumenical Temple.
  3205 | Temple   | Entered the Ecumenical Temple
  3256 | Temple   | Became a worshipper of Hepliaklqana the Forgotten
  3256 | Temple   | Reached * piety under Hepliaklqana
  3256 | Temple   | Reached ** piety under Hepliaklqana
  3418 | D:4      | Noticed Blork the orc
  3428 | D:4      | Killed Blork the orc
  3555 | D:4      | Noticed Natasha
  3562 | D:4      | Killed Natasha
  3737 | D:4      | Noticed Natasha
  3741 | D:4      | Killed Natasha
  3754 | D:4      | Noticed Natasha
  3763 | D:4      | Killed Natasha
  3794 | D:5      | Entered Level 5 of the Dungeon
  3807 | D:5      | Reached XP level 8. HP: 60/60 MP: 8/8
  3846 | D:5      | Reached skill level 8 in Unarmed Combat
  3905 | D:5      | Noticed Prince Ribbit
  3924 | D:5      | Reached skill level 1 in Stealth
  4301 | D:5      | Killed Prince Ribbit
  4446 | D:5      | Reached skill level 9 in Unarmed Combat
  4467 | D:5      | Slain by an ogre

Illustrated notes

Levels and vault maps discovered:
D:1:      nicolae_arrival_washed_ashore, layout_rooms, serial_shops,
          nicolae_shop_just_a_little_nook
D:2:      layout_basic
D:3:      layout_loops_cross, uniq_terence, uniq_jessica
D:4:      layout_layer_cave, minmay_temple_entry_purple_smoke, serial_shops,
          shop, uniq_grinder, uniq_menkaure, uniq_blork_the_orc, uniq_natasha
D:5:      layout_cave_pools, uniq_prince_ribbit1
Temple:   compressed_dpeg_triangle_lava_temple

Skill      XL: |  1  2  3  4  5  6  7  8 |
---------------+-------------------------+-----
Dodging        | 3 4 |  4.8
Unarmed Combat | 4 5 7 9 |  9.1
Fighting       | 4 |  4.6
Armour         | 2 3 |  3.4
Stealth        | 1 |  1.1
Evocations     | |  0.3

Action                     |  1- 3 |  4- 6 |  7- 9 || total
---------------------------+-------+-------+-------++-------
  Melee: Unarmed           |    86 |    98 |    89 ||   273
  Evoke: Wand              |       |       |     3 ||     3
    Use: Scroll            |       |       |     7 ||     7
         Potion            |       |       |     1 ||     1
 Armour: Robe              |    43 |    27 |       ||    70
         Scale mail        |       |    20 |    58 ||    78
  Dodge: Dodged            |    36 |    60 |    34 ||   130

Table legend: (Time is in decaauts)
 A = Elapsed time spent in this place.
 B = Non-inter-level travel time spent in this place.
 C = Inter-level travel time spent in this place.
 D = Time resting spent in this place.
 E = Time spent auto-exploring this place.
 F = Levels seen in this place.
 G = Mean time per level.
                   A        B        C        D        E       F      G
               +--------+--------+--------+--------+--------+-----+--------+
         Total |   4440 |   4076 |    364 |    714 |   2439 |   6 |  740.0 |
       Dungeon |   4377 |   4013 |    364 |    714 |   2439 |   5 |  875.4 |
        Temple |     63 |     63 |      0 |      0 |      0 |   1 |   63.0 |
               +--------+--------+--------+--------+--------+-----+--------+

Top non-repeatable levels by time:
     D:2: 1184 daAuts
     D:4: 1152 daAuts
     D:3: 898 daAuts
     D:1: 667 daAuts
     D:5: 473 daAuts
  Temple: 63 daAuts
